 Seeded DCSS version 0.30-a0-371-gad7725a93e (webtiles) character file.

Game seed: 7161577532371401991 (custom seed)

23 innerfire433 the Trooper (level 2, 0/24 HPs)
             Began as a Demonspawn Monk on Nov 21, 2022.
             Slain by a jackal (1 damage)
             ... on level 1 of the Dungeon.
             The game lasted 00:00:38 (325 turns).

innerfire433 the Trooper (Demonspawn Monk)           Turns: 325, Time: 00:00:39

Health: 0/24       AC:  2    Str: 11    XL:     2   Next: 72%
Magic:  2/2        EV: 15    Int: 11    God:
Gold:   31         SH:  0    Dex: 15    Spells: 1/1 levels left

rFire   . . .      SeeInvis .    a - +0 short sword
rCold   . . .      Faith    .    (no shield)
rNeg    . . .      Spirit   .    b - +0 robe
rPois   .          Reflect  .    (no helmet)
rElec   .          Harm     .    (no cloak)
rCorr   .          Rampage  .    (no gloves)
Will    .....                    (no boots)
Stlth   ++........               (no amulet)
HPRegen 0.24/turn                (no ring)
MPRegen 0.08/turn                (no ring)

@: no status effects
A: repulsion field 1
a: no special abilities


You were on level 1 of the Dungeon.
You visited 1 branch of the dungeon, and saw 1 of its levels.

You collected 31 gold pieces.

Inventory:

Hand Weapons
 a - a +0 short sword (weapon)
Armour
 b - a +0 robe (worn)
Potions
 c - a potion of ambrosia


   Skills:
 + Level 3.3 Fighting
 + Level 3.0 Short Blades
 + Level 3.0 Dodging
 - Level 2.0 Stealth


You had one spell level left.
You didn't know any spells.
Your spell library was empty.

Dungeon Overview and Level Annotations

Branches:
Dungeon (1/15)

Altars:


Innate Abilities, Weirdness & Mutations

You are surrounded by a mild repulsion field. (EV +2)


Message History

The jackal completely misses you. The jackal barely misses you.
You bump into the rock wall.
The jackal misses you. x2
You're too confused to move!
You feel less invigorated.
You feel less confused. The jackal misses you. The jackal closely misses you.
The jackal bites you.
You barely miss the jackal. The jackal misses you.
The jackal barely misses you. The jackal closely misses you.
You hit the jackal.
The jackal is lightly wounded.
The jackal bites you. x2
* * * LOW HITPOINT WARNING * * *
You hit the jackal.
The jackal is heavily wounded.
The jackal barely misses you. x2
You hit the jackal but do no damage.
The jackal is heavily wounded.
The jackal bites you.
* * * LOW HITPOINT WARNING * * *
The jackal completely misses you. The jackal bites you.
* * * LOW HITPOINT WARNING * * *
You miss the jackal.
The jackal is heavily wounded.
The jackal closely misses you. x3
You barely miss the jackal.
The jackal is heavily wounded.
The jackal closely misses you. The jackal bites you.
* * * LOW HITPOINT WARNING * * *
You barely miss the jackal.
The jackal is heavily wounded.
The jackal completely misses you. x2
You closely miss the jackal.
The jackal is heavily wounded.
The jackal misses you. The jackal barely misses you. The jackal bites you.
* * * LOW HITPOINT WARNING * * *
You completely miss the jackal.
The jackal is heavily wounded.
The jackal bites you.
* * * LOW HITPOINT WARNING * * *
The jackal bites you.
You die...

.##.#.#.....##.........†.# #
#...###.......########.###
#.. ##.###....### ##....
..###.. #..##..)###..###
######..##.###.#####..##.####
...........##..# ###........
#.............#####...##.####
#........###h.....#.####.....
#.........gh@.......###..###.
#........##########..##.##
#........# #.....# #........#
#..#### #.######## #... #
#..##. ...## .# #.## . ... ..


You could see 2 jackals and a goblin.

Vanquished Creatures
  A gnoll (D:1)
  2 dart slugs (D:1)
  A ball python (D:1)
  An endoplasm (D:1)
  2 goblins (D:1)
  A kobold (D:1)
  A quokka (D:1)
9 creatures vanquished.

Notes
Turn   | Place    | Note
-------+----------+-------------------------------------------
     0 | D:1      | innerfire433 the Demonspawn Monk began the quest for the
                  | Orb.
     0 | D:1      | Reached XP level 1. HP: 18/18 MP: 1/1
    52 | D:1      | Gained mutation: You are surrounded by a mild repulsion
                  | field. (EV +2) [demonic ancestry]
    52 | D:1      | Reached XP level 2. HP: 24/24 MP: 2/2
   325 | D:1      | HP: 1/24 [jackal (1)]
   325 | D:1      | Slain by a jackal

Illustrated notes

Levels and vault maps discovered:
D:1:      dpeg_arrival_rhombi, layout_rooms, shapermc_ecumenical_altar_petra,
          kennysheep_another_room, dreamdust_princess_bridge,
          hangedman_decor_lopped, dk_noncrumbling_4, minmay_pentomino_t2

Skill      XL: |  1  2 |
---------------+-------+-----
Stealth        | 2 |  2.0
Short Blades   | 3 |  3.0
Dodging        | 3 |  3.0
Fighting       | |  3.3

Action                   || total
-------------------------++-------
Melee: Short sword       ||    56
       Punch             ||     1
  Use: Potion            ||     1
 Stab: Sleeping          ||     2
Armor: Robe              ||     6
Dodge: Dodged            ||    59

Table legend: (Time is in decaauts)
 A = Elapsed time spent in this place.
 B = Non-inter-level travel time spent in this place.
 C = Inter-level travel time spent in this place.
 D = Time resting spent in this place.
 E = Time spent auto-exploring this place.
 F = Levels seen in this place.
 G = Mean time per level.
                   A        B        C        D        E       F      G
               +--------+--------+--------+--------+--------+-----+--------+
         Total |    317 |    317 |      0 |      0 |    215 |   1 |  317.0 |
       Dungeon |    317 |    317 |      0 |      0 |    215 |   1 |  317.0 |
               +--------+--------+--------+--------+--------+-----+--------+

Top non-repeatable levels by time:
     D:1: 317 daAuts
